 Dungeon Crawl Stone Soup version 0.26-b1-32-g5d43845318 (webtiles) character file.

Game seed: 10987061744560552159

105 Borgoz the Skirmisher (level 4, 0/40 HPs)
             Began as a Ghoul Monk on Jan 13, 2021.
             Slain by Crazy Yiuf
             ... wielding a +3 quarterstaff of chaos
              (3 damage)
             ... on level 2 of the Dungeon.
             The game lasted 00:02:10 (2317 turns).

Borgoz the Skirmisher (Ghoul Monk)                  Turns: 2317, Time: 00:02:11

Health: 0/40       AC:  3    Str: 14    XL:     4   Next: 81%
Magic:  3/3        EV: 13    Int:  5    God:
Gold:   136        SH:  0    Dex: 12    Spells: 3/3 levels left

rFire    + . .     SeeInvis .   a - +0 falchion
rCold    + + +     Faith    .   (no shield)
rNeg     + + +     Spirit   .   b - +0 robe
rPois    ∞         Reflect  .   (no helmet)
rElec    +         Harm     .   j - +0 cloak
rCorr    +         Rampage  .   (no gloves)
Will     .....                  (no boots)
Stlth    ++........             (no amulet)
HPRegen  0.00/turn              g - ring of protection from cold
MPRegen  0.08/turn              (no ring)

@: resistant, hasted, very quick
A: claws 1, cold resistance 1, negative energy resistance 3, inhibited
regeneration, torment resistance, unbreathing
a: no special abilities


You were on level 2 of the Dungeon.
You visited 1 branch of the dungeon, and saw 2 of its levels.

You collected 136 gold pieces.

Inventory:

Hand Weapons
 a - a +0 falchion (weapon)
Armour
 b - a +0 robe (worn)
 j - a +0 cloak (worn)
Jewellery
 g - a ring of protection from cold (left claw)
 h - an uncursed ring of flight
Scrolls
 d - a scroll of enchant armour {unknown}
 e - 2 scrolls of identify {unknown}
 f - a scroll of random uselessness {unknown}
 k - a scroll of teleportation {unknown}


   Skills:
 + Level 3.8 Fighting
 * Level 3.5 Long Blades
 * Level 2.0 Armour
 + Level 3.2 Dodging
 - Level 2.1 Stealth


You had 3 spell levels left.
You didn't know any spells.
Your spell library was empty.

Dungeon Overview and Level Annotations

Branches:
Dungeon (2/15)

Altars:
Xom

Annotations:
D:2 Crazy Yiuf


Innate Abilities, Weirdness & Mutations

You thrive by killing the living.
You are immune to poison.
You have sharp fingernails.
Your flesh is cold resistant. (rC+)
You are immune to negative energy. (rN+++)
You do not regenerate when monsters are visible.
You are immune to unholy pain and torment.
You can survive without breathing.


Message History

Crazy Yiuf is moderately wounded.
Crazy Yiuf hits you with a +3 quarterstaff of chaos.
You hit Crazy Yiuf.
Crazy Yiuf is heavily wounded.
Crazy Yiuf hits you with a +3 quarterstaff of chaos!
You hit Crazy Yiuf.
Crazy Yiuf is heavily wounded.
Crazy Yiuf hits you with a +3 quarterstaff of chaos.
You blink.
It was a potion of resistance.
You feel protected.
You hit Crazy Yiuf.
Crazy Yiuf is severely wounded.
Crazy Yiuf hits you with a +3 quarterstaff of chaos!
* * * LOW HITPOINT WARNING * * *
You feel yourself speed up.
You closely miss Crazy Yiuf.
Crazy Yiuf is severely wounded.
Crazy Yiuf hits you with a +3 quarterstaff of chaos.
You die...

###....##
#.#
#....#
#.#
♣....♣
#÷#
♣♣...♣
#.# ♣♣.♣♣
#.# ♣♣.♣
#.# ♣.♣♣
#.# ♣♣.♣
#.# ♣@♣♣
##.#
##g##
#..#
#...#
####
#...#
#)..#
#####


You could see Crazy Yiuf.

Vanquished Creatures
  A gnoll (D:1)
  3 adders (D:2)
  An ooze (D:2)
  An adder skeleton (D:2)
  2 worms (D:2)
  A bat skeleton (D:2)
  3 giant cockroaches
  4 goblins
  3 hobgoblins
  4 jackals (D:2)
  A quokka (D:2)
  3 ball pythons
  7 bats
  4 frilled lizards
  7 kobolds
  A leopard gecko skeleton (D:2)
  10 rats
56 creatures vanquished.

Vanquished Creatures (others)
  3 withered plants (D:2)
3 creatures vanquished.

Grand Total: 59 creatures vanquished

Notes
Turn   | Place    | Note
-------+----------+-------------------------------------------
     0 | D:1      | Borgoz the Ghoul Monk began the quest for the Orb.
     0 | D:1      | Reached XP level 1. HP: 19/19 MP: 0/0
   209 | D:1      | Reached XP level 2. HP: 19/26 MP: 1/1
   699 | D:1      | Reached skill level 1 in Armour
   851 | D:1      | Reached XP level 3. HP: 22/31 MP: 2/2
  1126 | D:1      | You fall into a shaft and drop 1 floor!
  1177 | D:2      | Found a shimmering altar of Xom.
  1249 | D:2      | Reached XP level 4. HP: 16/40 MP: 3/3
  2036 | D:2      | Found a runed translucent door.
  2037 | D:2      | Noticed Crazy Yiuf
  2317 | D:2      | Slain by Crazy Yiuf

Illustrated notes

Levels and vault maps discovered:
D:1:      eino_arrival_cavern_b, layout_basic, minmay_pentomino_p2
D:2:      layout_basic, old_standard_altar, serial_undead, serial_undead_b,
          serial_undead_e, serial_undead_b, serial_undead_e,
          uniq_crazy_yiuf_cottage

Skill      XL: |  1  2  3  4 |
---------------+-------------+-----
Armour         | 1 2 |  2.0
Long Blades    | 3 |  3.5
Dodging        | 3 |  3.2
Fighting       | |  3.8
Stealth        | |  2.1

Action                   |  1- 3 |  4- 6 || total
-------------------------+-------+-------++-------
Melee: Falchion          |    99 |    77 ||   176
  Use: Potion            |       |     2 ||     2
 Stab: Sleeping          |     4 |     1 ||     5
Armor: Robe              |    28 |    12 ||    40
Dodge: Dodged            |    84 |    49 ||   133
       Rpst.: Falchion   |    27 |    17 ||    44
